 Dungeon Crawl Stone Soup version 0.29.1-4-g47bece8355 (webtiles) character file.

Game seed: 6651524632752356718

107 fantasyman the Shield-Bearer (level 5, -10/42 HPs)
             Began as a Formicid Fighter on Dec 4, 2022.
             Killed by an exploding butterfly (19 damage)
             ... ignited by their inner flame
             ... on level 2 of the Dungeon.
             The game lasted 00:01:45 (1829 turns).

fantasyman the Shield-Bearer (Formicid Fighter)     Turns: 1829, Time: 00:01:45

Health: -10/42     AC: 13    Str: 23    XL:     5   Next: 11%
Magic:  5/5        EV:  9    Int:  7    God:
Gold:   84         SH:  5    Dex: 13    Spells: 4/4 levels left

rFire   . . .      SeeInvis +   a - +1 war axe
rCold   . . .      Faith    .   c - +0 buckler
rNeg    . . .      Spirit   .   b - +0 scale mail
rPois   .          Reflect  .   (helmet unavailable)
rElec   .          Harm     .   r - +1 cloak
rCorr   .          Rampage  .   (no gloves)
Will    .....                   (no boots)
Stlth   +.........              (no amulet)
HPRegen 0.14/turn               h - +4 ring of protection
MPRegen 0.09/turn               (no ring)

@: no status effects
A: permanent stasis, dig shafts and tunnels, antennae 3, four strong arms
a: Dig, Shaft Self


You were on level 2 of the Dungeon.
You visited 1 branch of the dungeon, and saw 2 of its levels.

You collected 84 gold pieces.

Inventory:

Hand Weapons
 a - a +1 war axe (weapon)
Armour
 b - a +0 scale mail (worn)
 c - a +0 buckler (worn)
 r - a +1 cloak (worn)
Jewellery
 h - a +4 ring of protection (left hand)
 i - a ring of positive energy
Wands
 m - a wand of digging (2)
Scrolls
 g - a scroll of butterflies
Potions
 d - 3 potions of might
 f - a potion of heal wounds
 n - a potion of attraction {unknown}
 o - 2 potions of flight {unknown}
 q - a potion of mutation {unknown}


   Skills:
 + Level 4.2 Fighting
 - Level 2.0 Axes
 + Level 4.2 Armour
 * Level 2.3 Stealth
 + Level 4.8 Shields


You had 4 spell levels left.
You didn't know any spells.
Your spell library was empty.

Dungeon Overview and Level Annotations

Branches:
Dungeon (2/15)

Altars:


Innate Abilities, Weirdness & Mutations

You cannot be hasted, slowed, berserked, paralysed or teleported.
You can dig through walls and to a lower floor.
You have a pair of large antennae on your head. (SInv)
Your four strong arms can wield two-handed weapons with a shield.


Message History

As you read the scroll labelled QIUSOI MEIKA, it crumbles to dust.
The creatures around you are filled with an inner flame!
It was a scroll of immolation.
As you read the scroll labelled CIG VIUTIDAP, it crumbles to dust.
It is a scroll of enchant weapon.
Your +0 war axe glows red for a moment.
The air fills with toxic fumes!
As you read the scroll labelled ANYAPO NI RIEMNISS, it crumbles to dust.
It was a scroll of poison.
Your butterfly is engulfed in poison gas.
Your butterfly is poisoned.
Your butterfly disappears in a burst of colours!
Your butterfly explodes!
The fiery explosion engulfs your butterfly!!
Your butterfly disappears in a burst of colours!
The fiery explosion engulfs your butterfly!!
Your butterfly disappears in a burst of colours!
Your butterfly explodes!
The fiery explosion engulfs you!
The fiery explosion engulfs your butterfly!!
Your butterfly disappears in a burst of colours!
Your butterfly explodes!
The fiery explosion engulfs your butterfly!!
Your butterfly disappears in a burst of colours!
Your butterfly explodes! x2
The fiery explosion engulfs you!
* * * LOW HITPOINT WARNING * * *
Your butterfly is engulfed in poison gas.
Your butterfly is poisoned.
Your butterfly disappears in a burst of colours!
Your butterfly explodes!
Your butterfly is engulfed in poison gas.
Your butterfly is poisoned.
Your butterfly disappears in a burst of colours!
Your butterfly explodes!
The fiery explosion engulfs your butterfly!!
Your butterfly disappears in a burst of colours!
Your butterfly explodes!
The fiery explosion engulfs you!!
You die...

####.#.#..# .#..?
#.##.#..#.# ####
##.#.#.##.# ### #
#.)..#..# §§#
####.#..# #§#
.......## #§#
..)....# #§#
######..# #§# #
....#
###@########. #
..#.#
#§§§§§§§§§§.. ###
#.## #§#§########.
..# #.# #§#§# #.#
#.# #{#§# #.# #.#
#.#§# #.#
#.#####.#§#
#.######...)...#§#
.................#


There were no monsters in sight!

Vanquished Creatures
  Jessica (D:2)
  3 gnolls (D:2)
  An adder (D:2)
  3 worms (D:2)
  A dart slug (D:2)
  4 ball pythons
  3 bats (D:2)
  4 endoplasms (D:2)
  A giant cockroach (D:2)
  3 goblins
  A hobgoblin (D:1)
  A quokka (D:1)
  A frilled lizard (D:2)
  4 kobolds
  5 rats
36 creatures vanquished.

Notes
Turn   | Place    | Note
-------+----------+-------------------------------------------
     0 | D:1      | fantasyman the Formicid Fighter began the quest for the
                  | Orb.
     0 | D:1      | Reached XP level 1. HP: 18/18 MP: 1/1
   134 | D:1      | Reached XP level 2. HP: 19/24 MP: 2/2
   439 | D:2      | Reached skill level 1 in Stealth
   621 | D:2      | Found a faded altar of an unknown god.
   626 | D:2      | Reached XP level 3. HP: 16/30 MP: 3/3
   634 | D:2      | Reached XP level 4. HP: 7/37 MP: 4/4
  1524 | D:2      | Noticed Jessica
  1538 | D:2      | Killed Jessica
  1539 | D:2      | Reached XP level 5. HP: 28/42 MP: 5/5
  1829 | D:2      | Killed by an exploding butterfly... ignited by their inner
                  | flame

Illustrated notes

Levels and vault maps discovered:
D:1:      dpeg_arrival_stone_temple_mockup, layout_rooms
D:2:      layout_loops_ring, hellmonk_ecumenical_altar_arch_garden, uniq_jessica

Skill      XL: |  1  2  3  4 |
---------------+-------------+-----
Stealth        | 1 2 |  2.3
Armour         | 4 |  4.2
Fighting       | 4 |  4.2
Axes           | |  2.0
Shields        | |  4.8

Action                   |  1- 3 |  4- 6 || total
-------------------------+-------+-------++-------
Melee: War axe           |    46 |    60 ||   106
  Use: Scroll            |       |     6 ||     6
Armor: Scale mail        |    16 |    29 ||    45
Dodge: Dodged            |    24 |    30 ||    54
Block: Buckler           |    10 |    12 ||    22
